[Event "ICS Rated Blitz match"]
[Site "164.58.253.13"]
[Date "1997.05.13"]
[Round "-"]
[White "Brause"]
[Black "MrTwister"]
[Result "1-0"]
[WhiteElo "2274"]
[BlackElo "1663"]
[TimeControl "180+5"]

1. e4 e6 2. d4 d5 3. c4 c6 4. cxd5 cxd5 5. e5 Nc6 6. Nf3 Qb6 7. Nc3 Bb4 8.
Bd3 Bd7 9. Be3 Nge7 10. O-O Nf5 11. Bxf5 exf5 12. Nxd5 Qa5 13. Nxb4 Nxb4
14. Bd2 Qb6 15. Qb3 Nc6 16. Qxb6 axb6 17. d5 Nd8 18. Rfc1 O-O 19. Rc7 Be8
20. Bb4
{MrTwister resigns} 1-0

[Event "ICS Rated Blitz match"]
[Site "164.58.253.13"]
[Date "1997.05.20"]
[Round "-"]
[White "Brause"]
[Black "saxo"]
[Result "0-1"]
[WhiteElo "2296"]
[BlackElo "2080"]
[TimeControl "120+12"]

1. e4 e6 2. d4 d5 3. c4 dxe4 4. Nc3 Nf6 5. f3 Bb4 6. Qa4+ Nc6 7. Be3 O-O 8.
O-O-O Bxc3 9. bxc3 Bd7 10. Qc2 exf3 11. Nxf3 Qe7 12. Bf4 Na5 13. Bxc7 Nxc4
14. Bxc4 Rfc8 15. Kb1 Rxc7 16. Bb3 Bb5 17. a4 Bc4 18. Bxc4 Rxc4 19. Ne5 Rc7
20. Rhf1 Rb8 21. Rf3 b5 22. Qb3 Qe8 23. a5 b4 24. c4 Ne4 25. Kb2 f6 26. Ng4
Rbc8 27. Ne3 e5 28. d5 Nc5 29. Qc2 b3 30. Qd2 e4 31. Rf5 Rb7 32. Qd4 Nd3+
33. Kc3 b2 34. Rb1 Qa4 35. Qxe4 Re8 36. Qf3 Rb3+ 37. Kd4 Qxa5 38. d6 Qc3+
39. Kd5 Nb4+ 40. Kc5 Rc8+ 41. Qc6 Rxc6+ 42. Kb5 Nd3+ 43. Kxc6
{Brause resigns} 0-1

[Event "ICS Rated Blitz match"]
[Site "164.58.253.13"]
[Date "1997.05.20"]
[Round "-"]
[White "Brause"]
[Black "jos"]
[Result "1-0"]
[WhiteElo "2284"]
[BlackElo "2318"]
[TimeControl "300"]

1. e4 e6 2. d4 d5 3. c4 dxe4 4. Nc3 f5 5. f3 c5 6. d5 exd5 7. Nxd5 Bd6 8.
Be3 Nc6 9. Qd2 Be6 10. O-O-O Qa5 11. Qxa5 Nxa5 12. Bxc5 Bxc5 13. Nc7+ Kf7
14. Nxa8 Nxc4 15. Nc7 Ne3 16. Nxe6 Nxd1 17. Ng5+ Kg6 18. Nxe4 Nf2 19. Nxf2
Bxf2 20. g3 Nf6 21. Bd3 Be3+ 22. Kd1 Rd8 23. Ke2 Nd5 24. Nh3 Kf6 25. Rd1
Bb6 26. f4 Re8+ 27. Kf3 Nb4 28. Bb5 Re3+ 29. Kg2 Nxa2 30. Rd6+ Ke7 31. Rd7+
Kf6 32. Bc4 Nb4 33. Ng5 Bc5 34. Rf7+ Kg6 35. Rxb7 Re7 36. Rb5 Bd6 37. Be6
Kh5 38. Bxf5 g6 39. Ne4 gxf5 40. Rxf5+ Kh6 41. Nxd6 Kg6 42. Kf3 Nd3 43. b3
Re6 44. Rd5 Nb4 45. Rd1 Re7 46. f5+ Kf6 47. Kf4 Re2 48. Ne4+ Ke7 49. f6+
Ke8 50. Kf5 Rxh2 51. Nd6+ Kf8 52. Re1 Rf2+ 53. Kg5 Rxf6 54. Kxf6 Nd5+ 55.
Kg5 a5 56. Kh6 Nf6 57. Re6 Ng8+ 58. Kxh7 Nf6+ 59. Kh8 a4 60. bxa4 Nd5 61.
Re8#
{jos checkmated} 1-0

[Event "ICS rated blitz match"]
[Site "208.196.3.66"]
[Date "1997.05.22"]
[Round "-"]
[White "Brause"]
[Black "TheRunner"]
[Result "1-0"]
[WhiteElo "2610"]
[BlackElo "2073"]
[TimeControl "180+3"]

1. e4 e6 2. d4 d5 3. c4 c6 4. Nc3 Nf6 5. exd5 cxd5 6. Nf3 Nc6 7. cxd5 exd5
8. Bb5 Bd7 9. O-O Be7 10. Bg5 a6 11. Ba4 b5 12. Bb3 Be6 13. Rc1 Rc8 14. Ne5
Nxe5 15. dxe5 Ne4 16. Bxe7 Qxe7 17. Nxd5 Rxc1 18. Qxc1 Bxd5 19. Bxd5
{TheRunner forfeits on time} 1-0

[Event "ICS Rated Blitz match"]
[Site "164.58.253.13"]
[Date "1997.05.22"]
[Round "-"]
[White "Brause"]
[Black "Akis"]
[Result "1/2-1/2"]
[WhiteElo "2304"]
[BlackElo "2492"]
[TimeControl "300+12"]

1. e4 e6 2. d4 d5 3. c4 dxe4 4. Nc3 Bb4 5. f3 c5 6. Be3 Nf6 7. dxc5 Bxc3+
8. bxc3 O-O 9. Qxd8 Rxd8 10. Be2 Nc6 11. Bg5 exf3 12. Nxf3 Re8 13. Nd2 h6
14. Bxf6 gxf6 15. Ne4 Kg7 16. O-O f5 17. Nd6 Re7 18. Bh5 Ne5 19. Rae1 f6
20. Ne8+ Kf8 21. Nxf6 Nxc4 22. Ng4 Rc7 23. Nxh6 Rh7 24. Nxf5 exf5 25. Re8+
Kg7 26. Be2 Nd2 27. Rd1 Kf7 28. Bb5 Ne4 29. Rdd8 Nxc3 30. Bc4+ Kf6 31. Rxc8
Rxc8 32. Rxc8 Ne4 33. c6 bxc6 34. Rxc6+ Ke5 35. Rc8 Rd7 36. Bb3 Rh7 37.
Re8+ Kd4 38. Rd8+ Ke3 39. Rd1 Rc7 40. Rf1 Nd2 41. Re1+ Kf4 42. g3+ Kg5 43.
Kf2 Nxb3 44. axb3 Kg4 45. Rf1 Rc3 46. Ra1 f4 47. gxf4 Rxb3 48. Rxa7 Kxf4
49. Ra4+ Kg5 50. Ra2 Rb4 51. Ke3 Kg4 52. Rf2 Rb1 53. Rf8 Re1+ 54. Kd4 Rd1+
55. Ke5 Re1+ 56. Kd6 Rd1+ 57. Ke6 Re1+ 58. Kd5 Rd1+ 59. Ke4 Re1+ 60. Kd3
Rd1+ 61. Ke2 Ra1 62. Rg8+ Kf4 63. Kd3 Rd1+ 64. Kc4 Rc1+ 65. Kd5 Rd1+ 66.
Ke6 Re1+ 67. Kd6 Rd1+ 68. Ke7 Rh1 69. Rh8 Kg4 70. Ke6 Re1+ 71. Kd6 Rd1+ 72.
Ke5 Re1+ 73. Kd5 Rd1+ 74. Ke4 Re1+ 75. Kd3 Rh1 76. Ke3 Re1+ 77. Kf2 Rh1 78.
Rh7 Ra1 79. h3+ Kg5 80. Rh8 Ra3 81. Kg2 Kg6 82. h4 Kg7 83. Rd8 Kg6 84. Rd5
Rb3 85. h5+ Kh6 86. Re5 Ra3 87. Rd5 Rb3 88. Rc5 Ra3 89. Re5 Rb3 90. Rf5 Ra3
91. Rc5 Rb3 92. Rd5 Ra3 93. Kh2 Rb3 94. Ra5 Rc3 95. Rb5 Ra3 96. Rc5 Rb3 97.
Re5 Ra3 98. Kg1
{Game drawn by mutual agreement} 1/2-1/2

[Event "ICS Rated Blitz match"]
[Site "164.58.253.13"]
[Date "1997.05.23"]
[Round "-"]
[White "Brause"]
[Black "jovanka"]
[Result "1-0"]
[WhiteElo "2290"]
[BlackElo "1988"]
[TimeControl "300"]

1. e4 e6 2. d4 d5 3. c4 dxe4 4. Nc3 Nf6 5. Be3 b6 6. Be2 Bb7 7. Nh3 h6 8.
O-O Bd6 9. c5 Be7 10. Bb5+ c6 11. Bc4 b5 12. Bb3 Nbd7 13. Bc2 O-O 14. Nxe4
Nxe4 15. Bxe4 Nf6 16. Bc2 Nd5 17. Qd3 f5 18. Nf4 Qd7 19. Ng6 Rfd8 20. Nxe7+
Qxe7 21. Bd2 Qf6 22. Rae1 Re8 23. Re5 Rad8 24. Rfe1 Bc8 25. Ba5 Rd7 26.
Rxf5 Qe7 27. Rxd5 cxd5 28. Qh7+ Kf8 29. Bg6
{jovanka resigns} 1-0

[Event "ICS Rated blitz match"]
[Site "208.196.3.66"]
[Date "1997.05.23"]
[Round "-"]
[White "Brause"]
[Black "mehitabel"]
[Result "0-1"]
[WhiteElo "2620"]
[BlackElo "1985"]
[TimeControl "180+3"]

1. e4 e6 2. d4 d5 3. c4 Nf6 4. e5 Nfd7 5. cxd5 exd5 6. Nc3 Nb6 7. Nf3 Be6
8. Bd3 Be7 9. O-O O-O 10. Bc2 Re8 11. Qd3 g6 12. Bh6 Nc6 13. Bb3 Na5 14.
Bd1 Nac4 15. b3 Nb2 16. Qe3 Nxd1 17. Rfxd1 Rc8 18. h3 c5 19. Rac1 c4 20.
Nb5 a6 21. Nc3 Nd7 22. bxc4 Rxc4 23. Ne2 b5
{Brause forfeits on time} 0-1

[Event "ICS rated blitz match"]
[Site "164.58.253.13"]
[Date "1997.05.23"]
[Round "-"]
[White "Brause"]
[Black "venomous"]
[Result "1-0"]
[WhiteElo "2304"]
[BlackElo "2238"]
[TimeControl "180"]

1. e4 e6 2. d4 d5 3. c4 dxe4 4. Nc3 f5 5. f3 exf3 6. Nxf3 Nf6 7. Bd3 Bd7 8.
O-O Be7 9. Ne5 O-O 10. Qe2 Nc6 11. Nxc6 bxc6 12. Qf3 c5 13. d5 exd5 14.
Nxd5 Nxd5 15. Qxd5+ Kh8 16. Rf3 c6 17. Qe5 Bc8 18. Qe2 Bg5 19. Bxg5 Qxg5
20. Qe5 Qd2 21. Qxc5 Be6 22. b3 Rad8 23. Be4 Qd4+ 24. Qxd4 Rxd4 25. Bxc6
Rd2 26. Re1 Bc8 27. Rfe3 Rxa2 28. Re8
{venomous resigns} 1-0

[Event "ICS rated blitz match"]
[Site "164.58.253.13"]
[Date "1997.05.24"]
[Round "-"]
[White "Brause"]
[Black "twk"]
[Result "1-0"]
[WhiteElo "2294"]
[BlackElo "1594"]
[TimeControl "120+12"]

1. e4 e6 2. d4 d5 3. c4 Bb4+ 4. Nc3 c5 5. cxd5 cxd4 6. Qxd4 Bxc3+ 7. bxc3
Nf6 8. dxe6 Qxd4 9. exf7+ Kxf7 10. cxd4 Nxe4 11. Bc4+ Ke8 12. Nf3 Nc6 13.
O-O Bd7 14. Re1 Bf5 15. Bd3
{twk resigns} 1-0

[Event "ICS rated blitz match"]
[Site "164.58.253.13"]
[Date "1997.05.24"]
[Round "-"]
[White "Brause"]
[Black "AlfDrake"]
[Result "1-0"]
[WhiteElo "2254"]
[BlackElo "1865"]
[TimeControl "180"]

1. e4 e6 2. d4 d5 3. c4 dxe4 4. Nc3 Bb4 5. Qb3 Bxc3+ 6. Qxc3 Nf6 7. Bf4 O-O
8. Be2 b6 9. Nh3 Bb7 10. O-O Nbd7 11. Rae1 c5 12. dxc5 Nxc5 13. Rd1 Qc8 14.
b3 Qc6 15. Rd6 Qc8 16. Rfd1 e3 17. Qxe3 Nce4 18. R6d3 Re8 19. Be5
{AlfDrake forfeits on time} 1-0

[Event "ICS rated blitz match"]
[Site "164.58.253.13"]
[Date "1997.05.25"]
[Round "-"]
[White "Brause"]
[Black "jonh"]
[Result "1/2-1/2"]
[WhiteElo "2261"]
[BlackElo "2092"]
[TimeControl "180"]

1. e4 e6 2. d4 d5 3. c4 dxe4 4. Nc3 Nf6 5. f3 exf3 6. Nxf3 Nbd7 7. Bd3 Be7
8. O-O O-O 9. Bf4 c6 10. Qe2 b6 11. a3 Bb7 12. b4 Rc8 13. Rfe1 c5 14. Nb5
cxb4 15. Nd6 Bxd6 16. Bxd6 Re8 17. axb4 a6 18. Qe3 h6 19. Qf4 Nf8 20. Be5
N8d7 21. Bd6 Nf8 22. Be5 N8d7 23. Bd6
{Game drawn by repetition} 1/2-1/2

[Event "ICS rated blitz match"]
[Site "164.58.253.13"]
[Date "1997.05.25"]
[Round "-"]
[White "Brause"]
[Black "jonh"]
[Result "1-0"]
[WhiteElo "2257"]
[BlackElo "2097"]
[TimeControl "180"]

1. e4 e6 2. d4 d5 3. c4 dxe4 4. Nc3 Nf6 5. f3 exf3 6. Nxf3 Be7 7. Bd3 Nbd7
8. O-O O-O 9. Bf4 c6 10. Qe2 b6 11. Rab1 Bb7 12. b4 a6 13. a3 Rc8 14. Ng5
h6 15. Nge4 Nxe4 16. Nxe4 Re8 17. c5 b5 18. Nd6 Bxd6 19. cxd6 Nf6 20. Rbc1
Nd5 21. Be5 f6 22. Qe4 f5 23. Qf3 Qg5 24. d7
{jonh resigns} 1-0

[Event "ICS rated blitz match"]
[Site "164.58.253.13"]
[Date "1997.05.25"]
[Round "-"]
[White "Brause"]
[Black "Staun"]
[Result "1-0"]
[WhiteElo "2271"]
[BlackElo "1963"]
[TimeControl "180"]

1. e4 e6 2. d4 d5 3. c4 dxe4 4. Nc3 Nf6 5. f3 exf3 6. Nxf3 Bb4 7. Bg5 O-O
8. Be2 h6 9. Bf4 b6 10. O-O Bb7 11. Nb5 Na6 12. Ne5 Bd6 13. Bf3 Bxe5 14.
Bxb7 Bxf4 15. Rxf4 Nb4 16. Bxa8 Qxa8 17. Qb3 Nc6 18. Qf3 Qb7 19. Nxa7 Qxa7
20. Qxc6 Qa5 21. Qxc7 Qd2 22. Rb1 Nh5 23. Rh4 Qe3+ 24. Kh1 Nf6 25. Qxb6 Ne4
26. Rxe4 Qxe4 27. Rd1 Qe2 28. Qb3 f5 29. Kg1 f4 30. Rf1 g5 31. Qc3 g4 32.
Re1 f3 33. Rxe2 fxe2 34. Qe1 Rf1+ 35. Qxf1 exf1=Q+ 36. Kxf1
{Staun resigns} 1-0

[Event "ICS rated blitz match"]
[Site "164.58.253.13"]
[Date "1997.05.25"]
[Round "-"]
[White "Brause"]
[Black "Staun"]
[Result "1-0"]
[WhiteElo "2273"]
[BlackElo "1961"]
[TimeControl "180"]

1. e4 e6 2. d4 d5 3. c4 dxe4 4. Nc3 Nf6 5. f3 Bb4 6. Qa4+ Nc6 7. a3 Bxc3+
8. bxc3 O-O 9. Bg5 h6 10. Bh4 e3 11. Qc2 e5 12. d5 Na5 13. Qd3 c6 14. Rd1
cxd5 15. cxd5 Qb6 16. Bxf6 Qxf6 17. Qxe3 Bf5 18. Bd3 Bxd3 19. Qxd3 Rac8 20.
Qb5 Nc4 21. Qxb7 Qf4 22. Qxa7 e4 23. Ne2 Qh4+ 24. Qf2 Qg5 25. fxe4 Ne5 26.
Qg3 Ng4 27. Rd4 h5 28. h3 h4 29. Qxg4 Qe3 30. Qf4
{Staun resigns} 1-0

[Event "ICS rated standard match"]
[Site "164.58.253.13"]
[Date "1997.05.26"]
[Round "-"]
[White "Brause"]
[Black "uglyboy"]
[Result "1-0"]
[WhiteElo "2229"]
[BlackElo "2337"]
[TimeControl "600+15"]

1. e4 e6 2. d4 d5 3. c4 dxe4 4. Nc3 Nf6 5. f3 exf3 6. Nxf3 b6 7. Bd3 Bb7 8.
Be3 Be7 9. Qe2 O-O 10. O-O Nbd7 11. Rad1 Rc8 12. Bf4 c5 13. d5 exd5 14.
Nxd5 Nxd5 15. cxd5 Bf6 16. Bf5 g6 17. Bg4 Ra8 18. Rfe1 a6 19. Bd6 Re8 20.
Qxe8+ Qxe8 21. Rxe8+ Rxe8 22. Bxd7 Rd8 23. Bc6 Rxd6 24. Bxb7 Bxb2 25. Rb1
Bd4+ 26. Nxd4 cxd4 27. Rd1
{uglyboy resigns} 1-0

[Event "ICS Rated blitz match"]
[Site "208.196.3.66"]
[Date "1997.05.27"]
[Round "-"]
[White "Brause"]
[Black "blunite"]
[Result "1/2-1/2"]
[WhiteElo "2548"]
[BlackElo "2230"]
[TimeControl "300"]

1. e4 e6 2. d4 d5 3. c4 dxe4 4. Nc3 Nf6 5. f3 Bb4 6. Qa4+ Nc6 7. Be3 O-O 8.
O-O-O Bxc3 9. bxc3 Bd7 10. Qc2 exf3 11. Nxf3 Qe7 12. Bf4 Qa3+ 13. Kb1 Na5
14. Bxc7 Ba4 15. Qc1 Qxc1+ 16. Rxc1 b6 17. Bd6 Rfe8 18. Bd3 Rac8 19. Nd2
Bc6 20. Rhg1 Bb7 21. c5 Nd7 22. cxb6 Nxb6 23. h4 Bd5 24. g4 Nbc4 25. Nxc4
Nxc4 26. Bxc4 Bxc4 27. Kc2 Red8 28. Bc5 Bxa2 29. Ra1 Bd5 30. Rxa7 f6 31. g5
f5 32. Kd2 Ra8 33. Rga1 Rxa7 34. Rxa7 Ra8 35. Rxa8+ Bxa8 36. Bd6 Kf7 37. c4
Ke8 38. Kc3 Kd7 39. Be5 g6 40. Kb4 Be4 41. Kc5 Bf3 42. d5 exd5 43. cxd5 Bg4
44. d6 Bf3 45. Bf4 Be4 46. Bg3 Bf3 47. Be1 Be4 48. Bd2 Bf3 49. Bc3 Be4 50.
Be5 Bf3 51. Bg3 Be4 52. Bh2 Bf3 53. Bg1 Be4 54. Be3 Bf3 55. Bc1 Be4 56. Ba3
Bf3 57. Bb2 Be4 58. Bd4 Bf3 59. Be5 Be4 60. Bh8 Bf3 61. Ba1 Be4 62. Bg7 Bf3
63. Bd4 Be4 64. Bf6 Bf3 65. Bg7 Be4 66. Bc3 Bf3 67. Bd2 Be4 68. Ba5 Bf3 69.
Bc7 Be4 70. Kd4 Ke6 71. Bb8 Bf3 72. Kc5 Kd7 73. Kc4 Be4 74. Kd4 Ke6 75. Ke3
Kd7 76. Bc7 Bc6 77. Kd4 Ke6 78. Kc5 Be4 79. Bd8 Kd7 80. Bb6 Bg2 81. h5 Bf3
82. hxg6 hxg6 83. Ba5 Be4 84. Bd2 Bf3 85. Bf4 Bg2 86. Bg3 Bf3 87. Be5 Bg2
88. Bf4 Bf3 89. Kd4 Ke6 90. Bg3 Be4 91. Be5
{Game drawn by mutual agreement} 1/2-1/2

[Event "ICS Rated blitz match"]
[Site "208.196.3.66"]
[Date "1997.05.28"]
[Round "-"]
[White "Brause"]
[Black "Fat"]
[Result "1-0"]
[WhiteElo "2536"]
[BlackElo "1900"]
[TimeControl "180+3"]

1. e4 e6 2. d4 d5 3. c4 dxe4 4. Nc3 Nf6 5. f3 exf3 6. Nxf3 c5 7. d5 exd5 8.
cxd5 Bg4 9. Bb5+ Nbd7 10. O-O Be7 11. d6 Bf8 12. Qe2+ Be6 13. Ne5 Bxd6 14.
Bxd7+ Nxd7 15. Nxf7 Bxh2+ 16. Kxh2 Qh4+ 17. Kg1 O-O 18. Qxe6 Rae8 19. Nh6+
Kh8 20. Qg8+ Rxg8 21. Nf7#
{Fat checkmated} 1-0

[Event "ICS rated blitz match"]
[Site "208.196.3.66"]
[Date "1997.05.28"]
[Round "-"]
[White "Brause"]
[Black "blunite"]
[Result "1-0"]
[WhiteElo "2544"]
[BlackElo "2237"]
[TimeControl "300"]

1. e4 e6 2. d4 d5 3. c4 dxe4 4. Nc3 Bb4 5. Qb3 Nc6 6. Be3 Nf6 7. O-O-O Bxc3
8. Qxc3 O-O 9. Nh3 a5 10. Bg5 h6 11. Bh4 Qe7 12. Be2 Bd7 13. Qg3 Rfc8 14.
Kb1 Kh7 15. Qb3 b6 16. Qe3 e5 17. d5 Nd4 18. Rd2 Bf5 19. Re1 Bg6 20. Rdd1
Qd6 21. Bxf6 Qxf6 22. Bg4 Re8 23. Bd7 Re7 24. Ba4 Rb8 25. Bc2 b5 26. Bxe4
bxc4 27. f3 Bxe4+ 28. Qxe4+ Kg8 29. Rxd4 exd4 30. Qxe7 Qb6 31. b3 cxb3 32.
a3 d3 33. Rd1 b2 34. Rxd3 Qb5 35. Nf2 Qc4 36. Rd1 Qc5 37. Qxc5
{blunite resigns} 1-0

[Event "ICS Rated Blitz match"]
[Site "164.58.253.13"]
[Date "1997.05.28"]
[Round "-"]
[White "Brause"]
[Black "MinoanPrince"]
[Result "1-0"]
[WhiteElo "2322"]
[BlackElo "1955"]
[TimeControl "600"]

1. e4 e6 2. d4 d5 3. c4 dxe4 4. Nc3 Bb4 5. Be3 Nf6 6. Ne2 O-O 7. a3 Be7 8.
Ng3 c5 9. dxc5 Nbd7 10. b4 Ne5 11. Qxd8 Rxd8 12. Ngxe4 a5 13. b5 Neg4 14.
Bg5 h6 15. Bxf6 Nxf6 16. Nxf6+ Bxf6 17. Rc1 Bd4 18. Na4 e5 19. Be2 Be6 20.
Bf3 Rab8 21. c6 bxc6 22. Bxc6 f5 23. O-O e4 24. Rfe1 g5 25. g4
{MinoanPrince resigns} 1-0

[Event "ICS rated blitz match"]
[Site "164.58.253.13"]
[Date "1997.05.29"]
[Round "-"]
[White "Brause"]
[Black "ferhat"]
[Result "1/2-1/2"]
[WhiteElo "2327"]
[BlackElo "2010"]
[TimeControl "180"]

1. e4 e6 2. d4 d5 3. c4 dxe4 4. Nc3 Nf6 5. f3 Bb4 6. Qa4+ Nc6 7. a3 Bxc3+
8. bxc3 O-O 9. Qc2 exf3 10. Nxf3 h6 11. Be2 b6 12. O-O Bb7 13. Bf4 Re8 14.
Rfe1 Ne7 15. Ne5 c5 16. Rad1 Qc8 17. Bd3 Nc6 18. Nf3 cxd4 19. cxd4 Na5 20.
Ne5 Nc6 21. Nf3 Na5 22. Ne5 Nc6 23. Nf3 Na5
{Game drawn by repetition} 1/2-1/2

[Event "ICS Rated Blitz match"]
[Site "164.58.253.13"]
[Date "1997.05.30"]
[Round "-"]
[White "Brause"]
[Black "Akis"]
[Result "1-0"]
[WhiteElo "2327"]
[BlackElo "2486"]
[TimeControl "300+12"]

1. e4 e6 2. d4 d5 3. c4 dxe4 4. Nc3 Bb4 5. Be3 Ne7 6. Qg4 Nf5 7. Qxe4 Nxe3
8. fxe3 c5 9. Nf3 O-O 10. Be2 cxd4 11. exd4 Nc6 12. O-O Qa5 13. Rfc1 Rd8
14. Kf1 Qh5 15. Rd1 Bd7 16. d5 Na5 17. Rac1 Bd6 18. Qd4 b6 19. Ne4 Ba4 20.
Rd2 Bxh2 21. b3 Bxb3 22. Nfg5 Qg6 23. Rb1 Qf5+ 24. Qf2 Qxf2+ 25. Kxf2 Bxc4
26. dxe6 Rxd2 27. Nxd2 Bxa2 28. exf7+ Bxf7 29. g3 Re8 30. Re1 Bh5 31. Ngf3
Rf8 32. Kg2 Bxg3 33. Kxg3 Re8 34. Kf2 Bxf3 35. Nxf3 Rf8 36. Bb5 Nb7 37.
Bc4+ Kh8 38. Re7 Nd6 39. Bd5 a5 40. Rd7 Nb5 41. Rb7 Nc3 42. Bc6 a4 43. Rxb6
a3 44. Ra6 a2 45. Ke3 g5 46. Kd3 g4 47. Nd4 Rf1 48. Nc2 Nd1 49. Rxa2 Rf2
50. Ra1 Nb2+ 51. Kc3 Nc4 52. Ra8+ Kg7 53. Ra7+ Kh6 54. Be4 Nd6 55. Rxh7+
Kg5 56. Bd5 Kf4 57. Ne1 Kg3 58. Re7 Nf5 59. Re5 Nd6 60. Nd3 Rf8 61. Re3+
Kh4 62. Ne5 Re8 63. Kd3 Rd8 64. Nc6 Rh8 65. Re6 Nb5 66. Rg6 Rh5 67. Bc4
{Akis: its a draw...}
67... Na3 68. Be6 Rg5 69. Rh6+ Kg3 70. Nd4 Kf4 71. Ne2+ Kf3 72. Rf6+ Kg2
73. Ke4 Rg7 74. Kf4 g3 75. Rf7 Rg8 76. Rd7 Rf8+ 77. Bf5 Nc4 78. Nxg3 Rb8
79. Rd4 Rb3 80. Be4+ Kf2 81. Rxc4 Ra3 82. Rc2+ Ke1 83. Ne2
{Akis resigns} 1-0

[Event "ICS Rated blitz match"]
[Site "208.196.3.66"]
[Date "1997.05.30"]
[Round "-"]
[White "Brause"]
[Black "Milton"]
[Result "0-1"]
[WhiteElo "2569"]
[BlackElo "2714"]
[TimeControl "120+12"]

1. e4 e6 2. d4 d5 3. c4 dxe4 4. Nc3 Nf6 5. f3 Bb4 6. Qa4+ Nc6 7. a3 Be7 8.
Be3 O-O 9. O-O-O exf3 10. gxf3 a5 11. Bd3 Bd7 12. Qc2 e5 13. d5 Nd4 14. Qf2
Nf5 15. Bd2 b6 16. Re1 Bd6 17. Kb1 Nd4 18. Be3 c5 19. Bg5 h6 20. Bh4 Nf5
21. Bxf6 Qxf6 22. Nge2 Qh4 23. Ng3 Nd4 24. Rhg1 g6 25. Nce4 Be7 26. d6 Bd8
27. Qg2 Bc6 28. h3 Qf4 29. Rgf1 a4 30. Ne2 Nxe2 31. Rxe2 Bf6 32. Bc2 Bg7
33. Rg1 Rfd8 34. h4 Qxh4 35. Rh1 Qf4 36. Rg1 Ra7 37. Ree1 Bxe4 38. Rxe4 Qf6
39. Ree1 Qxd6 40. Qh3 e4 41. Bxe4 Qd4 42. Rg2 Qxc4 43. Rc2 Qb3 44. Qf1 Rad7
45. Qe2 Bxb2 46. Rxb2 Rd1+ 47. Rxd1 Rxd1+ 48. Qxd1 Qxd1+ 49. Ka2 c4 50. Bc2
Qxf3 51. Bxa4 c3 52. Rc2 h5
{Brause resigns} 0-1

[Event "ICS rated blitz match"]
[Site "208.196.3.66"]
[Date "1997.05.30"]
[Round "-"]
[White "Brause"]
[Black "CaioFranco"]
[Result "1-0"]
[WhiteElo "2527"]
[BlackElo "2093"]
[TimeControl "180+1"]

1. e4 e6 2. d4 d5 3. c4 dxe4 4. Nc3 Bb4 5. Be3 Nf6 6. Ne2 O-O 7. a3 Be7 8.
Ng3 b6 9. Be2 Bb7 10. O-O Nbd7 11. Qc2 c5 12. dxc5 Bxc5 13. Bxc5 Nxc5 14.
Rad1 Qe7 15. b4 Nd3 16. Ngxe4 Nxe4 17. Rxd3 Nxc3 18. Qxc3 Rfd8 19. Rfd1 Qg5
20. Rxd8+ Rxd8 21. Rxd8+ Qxd8 22. c5 bxc5 23. Qxc5 Qd5 24. f3 Qxc5+ 25.
bxc5 Kf8 26. Bb5 Ke7 27. Kf2 Kd8 28. Ke3 e5 29. c6 Bc8 30. Ke4 f6 31. Kd5
Kc7 32. Bd3 h6 33. Bc2 a5 34. Bd3 g5 35. g4 Kb6 36. Kd6 a4 37. Bf5 Ba6 38.
c7
{CaioFranco resigns} 1-0

[Event "ICS rated bullet match"]
[Site "208.196.3.66"]
[Date "1997.05.30"]
[Round "-"]
[White "Brause"]
[Black "Prefect"]
[Result "1-0"]
[WhiteElo "2592"]
[BlackElo "1909"]
[TimeControl "60"]

1. e4 e6 2. d4 d5 3. c4 dxe4 4. Nc3 f5 5. Be2 Nf6 6. Nh3 Bb4 7. O-O Bxc3 8.
bxc3 O-O 9. Ng5 h6 10. Nh3 c6 11. Nf4 Qe7 12. Ng6 Qf7 13. Nxf8 Kxf8 14. Bf4
Nbd7 15. Bd6+
{Prefect resigns} 1-0

[Event "ICS rated blitz match"]
[Site "208.196.3.66"]
[Date "1997.06.03"]
[Round "-"]
[White "Brause"]
[Black "chessveg"]
[Result "1-0"]
[WhiteElo "2441"]
[BlackElo "1952"]
[TimeControl "180+1"]

1. e4 e6 2. d4 d5 3. c4 c6 4. Nc3 Bb4 5. Qg4 g6 6. e5 Ne7 7. Bd3 O-O 8. Bh6
Re8 9. cxd5 cxd5 10. a3 Bxc3+ 11. bxc3 Nbc6 12. Ne2 b6 13. O-O Bb7 14. Rfd1
Na5 15. Ng3 Nc4 16. Nh5 Kh8 17. Nf6 Rf8 18. Qh3
{chessveg resigns} 1-0

[Event "ICS Rated blitz match"]
[Site "192.231.221.16"]
[Date "1997.06.04"]
[Round "-"]
[White "Brause"]
[Black "mehitabel"]
[Result "1-0"]
[WhiteElo "2528"]
[BlackElo "2062"]
[TimeControl "180+3"]

1. e4 e6 2. d4 d5 3. c4 Nf6 4. f3 Bb4+ 5. Bd2 Bxd2+ 6. Qxd2 O-O 7. Nc3 c6
8. Nh3 a6 9. Nf4 b5 10. cxd5 exd5 11. a3 h6 12. Bd3 Be6 13. O-O Nbd7 14.
Rae1 Kh8 15. Nxe6 fxe6 16. exd5 exd5 17. Bg6 Nh7 18. Re6 Rf6 19. Re8+
{mehitabel resigns} 1-0

[Event "ICS rated blitz match"]
[Site "192.231.221.16"]
[Date "1997.06.05"]
[Round "-"]
[White "Brause"]
[Black "Balthasar"]
[Result "1-0"]
[WhiteElo "2630"]
[BlackElo "1942"]
[TimeControl "180+1"]

1. e4 e6 2. d4 d5 3. c4 Bb4+ 4. Nc3 dxe4 5. Be3 Nf6 6. Qc2 O-O 7. Ne2 b6 8.
a3 Bxc3+ 9. Nxc3 Bb7 10. Be2 Nbd7 11. O-O c5 12. dxc5 Nxc5 13. Rad1 Qc7 14.
b4 Ncd7 15. Rd4 Rad8 16. Nb5 Qc8 17. Nxa7 Qa8 18. Nb5 Bc6 19. a4 Rc8 20.
Nc3 Rfd8 21. Rfd1 Nf8 22. Rxd8 Rxd8 23. b5 Bb7 24. Bxb6 Rxd1+ 25. Qxd1 N8d7
26. Be3 h6 27. c5 Qa5 28. c6 Nb8 29. cxb7
{Balthasar resigns} 1-0

[Event "ICS rated blitz match"]
[Site "192.231.221.16"]
[Date "1997.06.05"]
[Round "-"]
[White "Brause"]
[Black "Balthasar"]
[Result "1-0"]
[WhiteElo "2631"]
[BlackElo "1941"]
[TimeControl "180+1"]

1. e4 e6 2. d4 d5 3. c4 Bb4+ 4. Nc3 dxe4 5. Be3 Nf6 6. Qc2 O-O 7. Ne2 b6 8.
a3 Bxc3+ 9. Nxc3 Bb7 10. Be2 Nbd7 11. O-O a5 12. Bf4 Rc8 13. Rad1 Qe7 14.
Bg5 h6 15. Be3 c5 16. dxc5 Nxc5 17. Na4 Nxa4 18. Qxa4 Qc7 19. Qb5 Rb8 20.
Bxb6 Qc6 21. Bxa5 Qxb5 22. cxb5 Bd5 23. Bc3 Rfc8 24. a4 Bc4 25. Bxc4 Rxc4
26. Be5 Rb7 27. b3 Rb4 28. Rd8+ Kh7 29. Rb1 Nd5 30. Rxd5 exd5 31. Bc3 d4
32. Bxb4 d3 33. Bd2 Rc7 34. a5 g5 35. a6 f5 36. b6
{Balthasar resigns} 1-0

[Event "ICS rated blitz match"]
[Site "164.58.253.13"]
[Date "1997.06.07"]
[Round "-"]
[White "Brause"]
[Black "Tsangh"]
[Result "1-0"]
[WhiteElo "2393"]
[BlackElo "1797"]
[TimeControl "180+1"]

1. e4 e6 2. d4 d5 3. c4 dxe4 4. Nc3 Nf6 5. f3 exf3 6. Nxf3 Bb4 7. Bg5 O-O
8. Qb3 c5 9. O-O-O Qa5 10. Bxf6 Bxc3 11. Be7 Bxd4 12. Bxf8 Kxf8 13. Nxd4
cxd4 14. Rxd4 Nc6 15. Rd1 Qg5+ 16. Rd2 e5 17. Bd3 Nd4 18. Qb4+ Kg8 19. Be4
a5 20. Qd6 h6 21. h4 Qf4 22. Qd8#
{Tsangh checkmated} 1-0

[Event "ICS rated blitz match"]
[Site "164.58.253.13"]
[Date "1997.06.07"]
[Round "-"]
[White "Brause"]
[Black "Lomax"]
[Result "1-0"]
[WhiteElo "2362"]
[BlackElo "2045"]
[TimeControl "300+3"]

1. e4 e6 2. d4 d5 3. c4 dxe4 4. Nc3 f5 5. Be2 Nf6 6. Be3 Bb4 7. Nh3 O-O 8.
O-O Nc6 9. Qd2 Qe8 10. a3 Bxc3 11. Qxc3 Bd7 12. Bf4 Rc8 13. b4 Nh5 14. Bg5
h6 15. Be3 Nf6 16. b5 Ne7 17. Rfe1 g5 18. Qa5 b6 19. Qxa7 Ng6 20. Rad1 f4
21. Bd2 e5 22. Bb4 Rf7 23. c5 Bxb5 24. dxe5 Nxe5 25. cxb6 Bxe2 26. b7 Rb8
27. Rxe2 c5 28. Qxc5 Rbxb7 29. Red2 Rbd7 30. Bc3 Rxd2 31. Rxd2 Nd3 32. Qf5
Qf8 33. Bxf6 Rxf6 34. Qxe4 Nc5 35. Qd5+ Kg7 36. Qe5 Ne6 37. Rd7+ Kg8 38.
Qe4 Ng7 39. Qd5+ Kh8 40. Rd8 Ne8 41. Qe5
{Lomax resigns} 1-0

[Event "ICS rated blitz match"]
[Site "164.58.253.13"]
[Date "1997.06.07"]
[Round "-"]
[White "Brause"]
[Black "fweep"]
[Result "1-0"]
[WhiteElo "2387"]
[BlackElo "1983"]
[TimeControl "120+19"]

1. e4 e6 2. d4 d5 3. c4 dxe4 4. Nc3 Nf6 5. f3 exf3 6. Nxf3 Bb4 7. Bg5 h6 8.
Bxf6 Qxf6 9. Bd3 Nc6 10. Be4 Bd7 11. O-O O-O 12. Ne5 Qe7 13. Bxc6 Bxc6 14.
Nxc6 bxc6 15. Ne2 c5 16. a3 Ba5 17. b4 cxb4 18. Qa4
{fweep: not my fault}
18... Bb6 19. axb4 a5 20. c5 Ba7 21. Qxa5 f5 22. Qb5 Rfb8 23. Qc6 Qe8 24.
Qxe8+ Rxe8 25. Ra6 g5 26. Rfa1 Reb8 27. Rxa7 Rxa7 28. Rxa7 Rxb4 29. Rxc7
Rb2 30. Kf2 h5 31. Re7
{fweep: right, Rb6 doesn't work. stupid}
31... g4 32. c6 h4 33. c7 g3+ 34. hxg3 hxg3+ 35. Kxg3 Rc2 36. Re8+ Kf7 37.
c8=Q Rxc8 38. Rxc8
{fweep resigns} 1-0